Unix NetHack Version 3.7.0-80 Work-in-progress - last build Apr 4 2023 12:38:21 (790859391a0ee7bd3181b412646ad1b7e633ff00,branch:master). Game began 2023-04-10 14:07:36, ended 2023-04-10 19:46:44. spontiff, neutral male gnomish Healer # --------- ############# -.---------- |..).....#####------------- |..........| |>..)...| ##|........<..| #............# ----- |.......- ###-...........| #|......>...|# |[..| ----.---- |...........| #------------# |[[.| ## ---.--------- ### # |[..| # # # # |[[.| ### ###### # ## |[[.-m@d# # ## # # |.$.| # ----- # ### # # ----- # |....##0 -----.--- ### # # ## |...| # |.......| #### # ### # |...| # #........-################################### #------ ####.....#####|.......| ------------.--# ###.....| ----- ###........| |..............# #|....| |.......| |.............| #.....| |.......| |.............-#### |....| --------- --------.------ ######-....| # ------ Spontiff the Rhizotomist St:10 Dx:8 Co:16 In:9 Wi:18 Ch:16 Neutral S:200 Dlvl:3 $:945 HP:0(20) Pw:6(7) AC:2 Xp:1/0 T:2607 Burdened Latest messages: You hear nothing special. "Hello, spontiff! Welcome to Boyabai's used armor dealership!" You see here a studded leather armor (for sale, 19 zorkmids). You see here a banded mail (for sale, 68 zorkmids). Wait! That's a small mimic! You see here a studded leather armor (for sale, 19 zorkmids). You see here an opera cloak (for sale, 45 zorkmids). You have a little trouble lifting an opera cloak. Continue? [ynq] (q) q You have a little trouble lifting an opera cloak. Continue? [ynq] (q) y "For you, honored sir; only 45 zorkmids for this opera cloak." You have a little trouble lifting r - an opera cloak (unpaid, 45 zorkmids). Your movements are slowed slightly because of your load. You see here a long sword (for sale, 11 zorkmids). You see here a very rotted pair of leather gloves (for sale, 6 zorkmids). You see here a long sword (for sale, 11 zorkmids). "For you, good sir; only 11 zorkmids for this long sword." You have a little trouble lifting u - a long sword (unpaid, 11 zorkmids). You see here a banded mail (for sale, 68 zorkmids). The small mimic hits! You see here a plate mail (for sale, 450 zorkmids). You see here a coarse mantelet (for sale, 53 zorkmids). You see here an iron skull cap (for sale, 8 zorkmids). You see here a banded mail (for sale, 68 zorkmids). You see here a pair of hiking boots (for sale, 38 zorkmids). "For you, honored sir; only 38 zorkmids for this pair of hiking boots." You have a little trouble lifting v - a pair of hiking boots (unpaid, 38 zorkmids). Your wallet contains 1040 zorkmids. You have no credit in here. You owe Boyabai 94 zorkmids. What do you want to drop? [$a-eg-vxyA-GIJL-NPR-UWYZ or ?*] 9 Count: 95 $ You drop 95 gold pieces. You have established 95 zorkmids credit. Itemized billing? [ynq] (q) n The price is deducted from your credit. You bought an opera cloak for 45 gold pieces. The price is deducted from your credit. You bought a pair of hiking boots for 38 gold pieces. The price is deducted from your credit. You bought a long sword for 11 gold pieces. "Thank you for shopping in Boyabai's used armor dealership!" You do not owe Boyabai anything. You stop. Your large dog is in the way! The small mimic hits! You stop. Your large dog is in the way! The small mimic hits! The small mimic hits! You die... Do you want your possessions identified? [ynq] (y) y Do you want to see the dungeon overview? [ynq] (y) q Inventory: Coins $ - 945 gold pieces Weapons W - an uncursed +0 dart k - a blessed +0 dagger (alternate weapon; not wielded) u - an uncursed +0 long sword Armor h - a blessed +2 dwarvish iron helm (being worn) g - an uncursed +1 pair of leather gloves (being worn) v - a cursed -1 pair of water walking boots r - an uncursed +0 cloak of invisibility q - an uncursed +0 dwarvish cloak (being worn) d - an uncursed +0 leather armor (being worn) Comestibles y - an uncursed apple n - 2 uncursed food rations Scrolls l - an uncursed scroll of identify I - a cursed scroll of identify A - an uncursed scroll of light G - an uncursed scroll of magic mapping Spellbooks P - an uncursed spellbook of blank paper o - an uncursed spellbook of slow monster Potions C - 4 uncursed potions of extra healing c - an uncursed potion of healing j - a cursed potion of levitation m - an uncursed potion of object detection B - a cursed potion of object detection i - an uncursed potion of oil b - an uncursed potion of water named UNC Rings p - an uncursed +1 ring of adornment R - an uncursed ring of fire resistance D - an uncursed ring of slow digestion Wands L - an uncursed wand of light (0:11) F - an uncursed wand of lightning (0:8) J - an uncursed wand of magic missile (0:8) S - an uncursed wand of sleep (0:5) E - an uncursed wand of striking (0:4) Z - an uncursed wand of teleportation (0:4) Tools t - an uncursed blindfold x - an uncursed oil lamp s - an uncursed stethoscope Gems/Stones e - an uncursed worthless piece of black glass T - an uncursed worthless piece of blue glass Y - an uncursed worthless piece of green glass N - an uncursed worthless piece of red glass M - 2 uncursed worthless pieces of violet glass U - an uncursed worthless piece of white glass a - 2 uncursed rocks Spontiff the Healer's attributes: Background: You were a Rhizotomist, a level 1 male gnomish Healer. You were neutral, on a mission for Hermes who was opposed by Athena (lawful) and Poseidon (chaotic). You were in the Dungeons of Doom, on level 3. You entered the dungeon 2607 turns ago. You had 0 experience points, 20 were needed to attain level 2. Your score was 200 before end-of-game adjustments. Basics: You had 0 out of 20 hit points. You had 6 out of 7 energy points (spell power). Your armor class was 2. Your wallet contained 945 zorkmids. Autopickup was on for '$!/="?' plus thrown, with exceptions. Final Characteristics: Your strength was 10 (limit:18/50). Your dexterity was 8 (limit:18). Your constitution was 16 (limit:18). Your intelligence was 9 (limit:19). Your wisdom was 18 (limit:18). Your charisma was 16 (limit:18). Final Status: You were not hungry. You were burdened; movement was slightly slowed. You were empty handed. You were unskilled in bare handed combat. Final Attributes: You were devoutly aligned. You were poison resistant. You had infravision. You were warded. You are dead. Miscellaneous: You never encountered a bones level. Total elapsed playing time was 1 hour, 8 minutes and 12 seconds. Major events: Turn 1: spontiff the neutral male gnomish Healer entered the dungeon 1533: entered the Gnomish Mines 2607: killed by a small mimic Vanquished creatures: a dwarf leader 2 gnome leaders 2 dwarves 2 acid blobs a giant rat 2 brown molds 5 gnomes 2 geckos 6 jackals 4 goblins 2 sewer rats 6 grid bugs 8 lichens a kobold zombie 20 newts 64 creatures vanquished. No species were genocided or became extinct. Voluntary challenges: You never hit with a wielded weapon. You were a pacifist. You were illiterate. You never engraved Elbereth. You never genocided any monsters. You never polymorphed an object. You never changed form. You used no wishes. Achievements: You entered a shop. You entered the Gnomish Mines. The Dungeons of Doom: levels 1 to 4 Level 1: Some fountains. Level 2: "vault" A general store. Level 3: <- You were here. An armor shop. Stairs down to The Gnomish Mines. Final resting place for you, killed by a small mimic. Level 4: The Gnomish Mines: levels 4 to 5 Level 4: Level 5: Game over: ---------- / \ / REST \ / IN \ / PEACE \ / \ | spontiff | | 945 Au | | killed by a | | small mimic | | | | | | 2023 | *| * * * | * _________)/\\_//(\/(/\)/\//\/|_)_______ Goodbye spontiff the Healer... You died in The Dungeons of Doom on dungeon level 3 with 200 points, and 945 pieces of gold, after 2607 moves. You were level 1 with a maximum of 20 hit points when you died.